 Dungeon Crawl Stone Soup version 0.28.0-53-g5a82cb258f (webtiles) character file.

Game seed: 15283907529342588494

3516 Sin92 the Chiller (level 9, -8/59 (69) HPs)
             Began as a Demonspawn Ice Elementalist on July 25, 2022.
             Was an Elder of Okawaru.
             Mangled by an orc knight
             ... wielding a +0 halberd
              (15 damage)
             ... in a bailey on July 26, 2022.
             The game lasted 00:23:40 (10161 turns).

Sin92 the Chiller (Demonspawn Ice Elementalist)    Turns: 10161, Time: 00:23:40

HP:   -8/59 (69)    AC: 37    Str: 11    XL:     9   Next: 81%
MP:   16/16         EV: -1    Int: 17    God:    Okawaru [****..]
Gold: 381           SH:  0    Dex: 18    Spells: 13/20 levels left

rFire   + . .      SeeInvis .   n - +2 dagger (freeze)
rCold   + . .      Faith    .   (no shield)
rNeg    . . .      Spirit   .   r - +11 crystal plate armour of Joy {+Blink Dex+3}
rPois   +          Reflect  .   (no helmet)
rElec   +          Harm     .   v - +0 cloak
rCorr   +          Rampage  .   i - +0 pair of gloves
Will    .....                   (no boots)
Stlth   ..........              (no amulet)
HPRegen 0.19/turn               (no ring)
MPRegen 0.15/turn               (no ring)

@: mighty, resistant, sanguine armoured, hasted, heavily drained, very quick
A: ignite blood 1, spiny 1, sanguine armour 1, deterioration 1, low MP 1
a: Renounce Religion, Evoke Blink, Heroism, Finesse


You were in a bailey.
You worshipped Okawaru.
Okawaru was greatly pleased with you.
You visited 1 branch of the dungeon, and saw 8 of its levels.
You also visited: Bailey.

You collected 381 gold pieces.

Inventory:

Hand Weapons
 c - a +0 dagger
 n - a +2 dagger of freezing (weapon)
 p - a +0 spear
Armour
 a - a +0 robe
 i - a +0 pair of gloves (worn)
 m - a +0 chain mail
 r - the +11 crystal plate armour of Joy (worn) {+Blink Dex+3}
   (You acquired it on level 5 of the Dungeon)

   Dex:       It affects your dexterity (+3).
   +Blink:    It lets you blink.
 v - a +0 cloak (worn)
Magical Staves
 j - a staff of fire
Jewellery
 q - the brooch of Shielding {Spirit SH+8}
   (You acquired it in a bailey)

   [amulet of guardian spirit]

   It causes incoming damage to be divided between your reserves of health and
   magic.
   SH:        It affects your SH (+8).
 B - a +6 ring of strength
Wands
 e - a wand of acid (1)
 f - a wand of flame (29)
Scrolls
 b - 5 scrolls of teleportation
 d - a scroll of fear
 y - a scroll of enchant weapon {unknown}
Potions
 g - 5 potions of curing
 h - a potion of degeneration
 k - a potion of might
 l - 3 potions of flight
 o - a potion of invisibility {unknown}
 t - a potion of experience {unknown}
 u - a potion of ambrosia
 x - 2 potions of resistance
 z - a potion of mutation
 A - a potion of haste


   Skills:
 + Level 6.0 Fighting
 - Level 1.8 Short Blades
 + Level 4.9 Polearms
 * Level 6.0 Armour
 - Level 1.7 Dodging
 - Level 1.7 Stealth
 + Level 6.0 Spellcasting
 + Level 6.8 Ice Magic


You had 13 spell levels left.
You knew the following spells:

 Your Spells              Type           Power      Damage    Failure   Level
a - Freeze                Ice            100%       1d11      100%        1
b - Frozen Ramparts       Ice            56%        1d7       100%        3
c - Ozocubu's Armour      Ice            28%        N/A       100%        3

Your spell library contained the following spells:

 Spells                   Type           Power      Damage    Failure   Level
 Ensorcelled Hibernation  Hex/Ice        32%        N/A       100%        2
 Spider Form              Tmut/Pois      5%         N/A       100%        3
 Anguish                  Hex/Necr       2%         N/A       100%        4
 Hailstorm                Conj/Ice       16%        3d6       100%        4


Dungeon Overview and Level Annotations

Branches:
Dungeon (8/15)             Temple (0/1) D:5          Bailey (1/1)
   Lair: D:8-11

Altars:
Elyvilon
Gozag
Hepliaklqana
Okawaru
Vehumet
Yredelemnul
Zin

Shops:
D:5 *


Innate Abilities, Weirdness & Mutations

Your demonic aura sometimes causes spilled blood to erupt in flames.
You are partially covered in sharp spines.
When seriously injured, your blood forms armour. (AC +6)
Your body sometimes deteriorates upon taking damage.
Your magical capacity is low. (-10% MP)


Message History

You kill the gnoll!
Okawaru accepts your kill.
Your base Armour skill increases to level 6!
The gnoll is struck by your spines.
The gnoll hits you with a +1 halberd of electrocution.
The orc knight hits you but does no damage.
There is an open door, spattered with blood here.
Things that are here:
a +4 halberd of electrocution; a gnoll corpse You hit the gnoll.
You freeze the gnoll.
The gnoll is severely wounded.
The gnoll is struck by your spines.
You kill the gnoll!
Okawaru accepts your kill.
The orc knight hits you from afar with a +0 halberd!
Found a brown potion.
The gnoll hits you from afar with a +2 halberd of electrocution.
* * * LOW HITPOINT WARNING * * *
The orc knight completely misses you.
Things that are here:
a +1 halberd of electrocution; a gnoll corpse You closely miss the orc knight.
The gnoll hits you from afar with a +2 halberd of electrocution!
* * * LOW HITPOINT WARNING * * *
The orc knight is struck by your spines.
The orc knight hits you but does no damage.
Okay, then.
Blink to where?
Press: ? - help, Dir - move target
As you read the scroll of blinking, it crumbles to dust.
Something appears at your feet!
q - the brooch of Shielding {Spirit SH+8} The orc knight hits you but does no damage.
It was a potion of mutation.
You feel extremely strange.
You feel yourself wasting away.
You feel less energetic.
You feel like a meek peon again.
The orc knight hits you but does no damage.
It was a potion of haste.
You feel yourself speed up.
The orc knight hits you from afar with a +0 halberd!
You die...

### ###
##### ###
#)# #g#.#
#.###.#
'##+ +#
#'##'##'##
#!.!
#...))##
#.!..
#.....###
'!.⌠.
+..⌠..'.#
!.go
#.....###


gg# ##.....## #'###@##'##'## #go.###.###)# ##### ### ### You could see an orc
knight and a gnoll.

Vanquished Creatures
  The ghost of GloriousHammer the Summoner, a novice FeSu of Gozag (D:6)
  Grinder (D:6)
  A steam dragon (D:5)
  Duvessa (D:6)
  2 water moccasins (D:6)
  An ice beast (D:6)
  A sky beast (D:7)
  A hornet zombie (D:6)
  2 black bears (D:7)
  4 ogres
  2 centaurs
  2 necrophages
  2 phantoms
  2 bullfrogs (D:7)
  2 water moccasin zombies
  5 killer bees (D:7)
  Dowan (D:6)
  2 howler monkeys
  2 centaur zombies
  2 jellies
  A centaur skeleton (D:7)
  A bullfrog skeleton (D:4)
  A hound (D:5)
  Ijyb (D:3)
  Crazy Yiuf (D:4)
  Jessica (D:2)
  An iguana (D:6)
  Natasha (thrice) (D:2)
  2 orc wizards
  8 gnolls (Bailey)
  4 adders
  2 shadow imps
  3 ufetubi
  A worm (D:2)
  3 dart slugs
  18 orcs
  4 bats
  5 endoplasms
  A giant cockroach (D:1)
  15 goblins
  3 hobgoblins (D:4)
  4 jackals (D:1)
  9 kobolds
  3 quokkas
  11 ball pythons
  A frilled lizard (D:1)
  6 rats
150 creatures vanquished.

Vanquished Creatures (others)
  A centaur zombie (D:5)
  2 goblins (D:3)
  A fungus (D:4)
  14 plants (D:1)
18 creatures vanquished.

Grand Total: 168 creatures vanquished

Notes
Turn   | Place    | Note
-------+----------+-------------------------------------------
     0 | D:1      | Sin92 the Demonspawn Ice Elementalist began the quest for
                  | the Orb.
     0 | D:1      | Reached XP level 1. HP: 13/13 MP: 3/3
   261 | D:1      | Gained mutation: Your demonic aura sometimes causes spilled
                  | blood to erupt in flames. [demonic ancestry]
   261 | D:1      | Reached XP level 2. HP: 16/20 MP: 3/5
   536 | D:1      | Reached skill level 1 in Fighting
   812 | D:1      | Found a faded altar of an unknown god.
  1708 | D:2      | Reached XP level 3. HP: 23/26 MP: 3/6
  2151 | D:2      | Noticed Jessica
  2157 | D:2      | Killed Jessica
  2287 | D:2      | Gained mutation: You are partially covered in sharp spines.
                  | [demonic ancestry]
  2287 | D:2      | Reached XP level 4. HP: 33/33 MP: 6/8
  2437 | D:2      | Noticed Natasha
  2446 | D:2      | Killed Natasha
  2588 | D:2      | Noticed Natasha
  2660 | D:2      | Killed Natasha
  3272 | D:2      | Noticed Natasha
  3285 | D:2      | Killed Natasha
  3286 | D:2      | Reached XP level 5. HP: 39/39 MP: 4/9
  3715 | D:3      | Found an iron altar of Okawaru.
  3721 | D:3      | Became a worshipper of Warmaster Okawaru
  3868 | D:3      | Noticed Ijyb
  4115 | D:3      | Learned a level 3 spell: Frozen Ramparts
  4119 | D:3      | Learned a level 3 spell: Ozocubu's Armour
  4244 | D:3      | Killed Ijyb
  4513 | D:4      | Noticed an ogre
  4532 | D:4      | Killed an ogre
  4533 | D:4      | Reached skill level 1 in Polearms
  4533 | D:4      | Reached skill level 1 in Armour
  4533 | D:4      | Reached XP level 6. HP: 31/47 MP: 4/11
  5527 | D:4      | Found a runed translucent door.
  5528 | D:4      | Noticed Crazy Yiuf
  5533 | D:4      | Killed Crazy Yiuf
  5814 | D:5      | Entered Level 5 of the Dungeon
  5821 | D:5      | Reached skill level 5 in Ice Magic
  5821 | D:5      | Reached XP level 7. HP: 52/52 MP: 5/12
  5880 | D:5      | Found a staircase to the Ecumenical Temple.
  6059 | D:5      | Found Allakymp's General Store.
  6072 | D:5      | Reached * piety under Okawaru
  6441 | D:5      | Identified a scroll of acquirement
  6441 | D:5      | Acquired the +11 crystal plate armour of Joy {+Blink Dex+3}
  6461 | D:5      | Found a hazy altar of Hepliaklqana.
  6550 | D:5      | Noticed a steam dragon
  6564 | D:5      | Killed a steam dragon
  6896 | D:5      | Reached skill level 1 in Short Blades
  6896 | D:5      | Gained mutation: When seriously injured, your blood forms
                  | armour. (AC +6) [demonic ancestry]
  6896 | D:5      | Reached XP level 8. HP: 36/60 MP: 14/14
  7183 | D:6      | Found a radiant altar of Vehumet.
  7183 | D:6      | Found an opulent altar of Gozag.
  7223 | D:6      | Found a runed translucent gate.
  7224 | D:6      | Found a runed translucent gate.
  7225 | D:6      | Found a runed translucent gate.
  7225 | D:6      | Noticed GloriousHammer's ghost (novice FeSu)
  7261 | D:6      | Reached ** piety under Okawaru
  7264 | D:6      | Found a basalt altar of Yredelemnul.
  7662 | D:6      | Reached skill level 5 in Spellcasting
  7826 | D:6      | Noticed Grinder
  7828 | D:6      | Paralysed by Grinder for 3 turns
  7838 | D:6      | Paralysed by Grinder for 4 turns
  7862 | D:6      | Killed Grinder
  7863 | D:6      | Reached skill level 5 in Fighting
  8188 | D:6      | Reached *** piety under Okawaru
  8189 | D:6      | Reached XP level 9. HP: 68/68 MP: 16/16
  8327 | D:6      | Noticed Duvessa
  8327 | D:6      | You fall into a shaft and drop 1 floor!
  8553 | D:7      | Reached skill level 5 in Armour
  8711 | D:6      | Noticed Dowan
  8723 | D:6      | Killed Dowan
  8728 | D:6      | Killed Duvessa
  8917 | D:6      | Killed GloriousHammer's ghost
  8917 | D:6      | Reached **** piety under Okawaru
  9622 | D:8      | Found a flagged portal.
  9649 | Bailey   | Entered a bailey
 10144 | Bailey   | Noticed an orc knight
 10158 | Bailey   | Acquired the brooch of Shielding {Spirit SH+8}
 10158 | Bailey   | Found the brooch of Shielding {Spirit SH+8}
 10160 | Bailey   | Gained mutation: Your body sometimes deteriorates upon
                  | taking damage. [potion of mutation]
 10160 | Bailey   | Gained mutation: Your magical capacity is low. (-10% MP)
                  | [potion of mutation]
 10161 | Bailey   | Mangled by an orc knight

Illustrated notes

Levels and vault maps discovered:
D:1:      matt_arrival_grand_opening, layout_basic,
          ebering_ecumenical_altar_rust, kennysheep_boxes
D:2:      layout_basic, hangedman_abyss_or_decor_stabs, uniq_jessica,
          uniq_natasha
D:3:      kennysheep_the_goblin_king, layout_rooms, zin_scriptorium,
          gammafunk_temple_overflow_statue
D:4:      layout_loops_cross, nicolae_concentric_dashed_squares_wild,
          uniq_crazy_yiuf_cottage, uniq_ijyb
D:5:      layout_loops_ring, lemuel_coloured_pillars_altar,
          minmay_temple_entry_waves, serial_shops, shop
D:6:      layout_rooms, nicolae_yredelemnul_ghost_church,
          gammafunk_temple_overflow_pools, interstate_on_off, uniq_duvessa,
          uniq_grinder
D:7:      layout_basic, kennysheep_generic_room_15
D:8:      layout_basic, enter_bailey_5
Bailey:   bailey_polearm_nasty_gnolls, bailey

Skill      XL: |  1  2  3  4  5  6  7  8  9 |
---------------+----------------------------+-----
Fighting       | 1 2 3 4 5 6 |  6.0
Ice Magic      | 4 5 6 |  6.8
Spellcasting   | 3 4 5 6 |  6.0
Polearms       | 1 2 3 4 |  4.9
Armour         | 1 2 4 6 |  6.0
Short Blades   | 1 |  1.8
Dodging        | |  1.7
Stealth        | |  1.7

Action                   |  1- 3 |  4- 6 |  7- 9 || total
-------------------------+-------+-------+-------++-------
Melee: Unarmed           |    19 |       |       ||    19
       Punch             |     4 |     1 |     5 ||    10
       Dagger            |    67 |    87 |   365 ||   519
       Spear             |       |     1 |       ||     1
 Cast: Freeze            |    32 |    12 |       ||    44
       Frozen Ramparts   |       |     6 |     2 ||     8
       Ozocubu's Armour  |       |     2 |       ||     2
Invok: Heroism           |       |       |     1 ||     1
  Use: Scroll            |       |    12 |     5 ||    17
       Potion            |       |     1 |     9 ||    10
 Stab: Sleeping          |     2 |     2 |     1 ||     5
       Distracted        |       |     1 |       ||     1
Armor: Robe              |    19 |    27 |     9 ||    55
       Crystal plate arm |       |       |   391 ||   391
Dodge: Dodged            |    56 |    56 |    34 ||   146
